AoeStats
← 帝国的铁汉

Pilgrims

507693749Analyzed
2v2 RM · 13d ago on Sep 19, 2026· 19m 10s· 4 players
Game mode
Random Map
Map size
Medium (4 player)
Population
200
Speed
Normal
Resources
Standard
Victory
Conquest
Starting age
Dark Age
Ending age
Imperial Age
RankedLock teamsTeams togetherTeam positionsShared explorationLock speedFull tech treeHidden civsTurbo modeCheats
Victory
Defeat
🇨🇳 Franks · China
1393
+16
🇨🇳 Vietnamese · China
1361
+18
🇺🇸 Maya · United States
1419
-18
🇹🇼 Bengalis · Taiwan
1378
-16
帝国的铁汉
6:37 Loom
9:33 Feudal Age
10:08 Man-at-Arms
16:00 Arson
19:07 Castle Age
19:28 Stone Mining
19:28 Double-Bit Axe
19:26 Horse Collar
欧阳没有偏旁
10:47 Feudal Age
15:39 Castle Age
13:44 Double-Bit Axe
14:00 Gold Mining
16:02 Scale Barding Armor
17:12 Chain Barding Armor
19:33 Forging
jason613480918
10:27 Feudal Age
10:22 Loom
11:06 Double-Bit Axe
12:12 Fletching
12:18 Gold Mining
dl_cucga
4:27 Loom
11:48 Feudal Age
15:56 Castle Age
14:11 Fishing Lines
Connection lost

Rejoining the realm…

Still unreachable

The connection could not be restored.

Session expired

The server has moved on; the page needs a fresh start.